Map: Dédale EC

Players

HoldTheDoor - Winner!

  • Race: Protoss Protoss
  • League: Diamond
  • Spawn Location: 1:00

HellYeah

  • Race: Zerg Zerg
  • League: Diamond
  • Spawn Location: 7:00

VOD

Have the link to the VOD?

Description

Time

  • Played on: July 10, 2018, 9:41 a.m.
  • Length: 10:02
Show
View Real Time Build Order
Export as new Build Order

HoldTheDoor Protoss - Winner!

Build Orders:  

Get SALT Encoding   

  12  0:01  Probe  
  13  0:13  Probe  
  14  0:20  Pylon  
  14  0:25  Probe  
  15  0:38  Probe  
  15  0:41  Gateway  
  16  0:46  Probe  
  16  0:50  Assimilator  
  16  0:54  Probe  
  18  1:09  Assimilator  
  18  1:15  Probe  
  19  1:23  Gateway  
  19  1:27  Probe  
  19  1:31  Cybernetics Core  
  20  1:39  Probe  
  21  1:42  Pylon  
  21  2:02  Warp Gate  
  21  2:03  Probe  
  22  2:09  Adept  
  22  2:15  Probe  
  25  2:17  Pylon  
  25  2:27  Probe  
  26  2:34  Adept  
  28  2:39  Twilight Council  
  28  2:47  Nexus  
  28  2:52  Probe  
  28  2:57  Sentry  
  31  3:04  Probe  
  32  3:27  Robotics Facility  
  32  3:30  Pylon  
  32  3:35  Probe  
  33  3:42  Resonating Glaives  
  33  3:47  Probe  
  34  3:59  Pylon  
  34  4:00  Probe  
  35  4:03  Probe  
  35  4:08  Warp Prism  
  38  4:17  Sentry x2  
  38  4:18  Probe  
  38  4:19  Probe  
  44  4:24  Gateway  
  44  4:28  Gateway  
  44  4:31  Pylon  
  44  4:34  Probe x2  
  46  4:40  Adept x2  
  46  4:43  Immortal  
  50  4:52  Probe x2  
  56  5:02  Pylon, Gateway  
  56  5:05  Adept  
  58  5:07  Adept  
  60  6:02  Immortal  
  60  6:10  Adept x2  
  66  6:22  Gateway  
  66  6:23  Gateway  
  66  6:25  Adept x3, Gateway  
  68  6:27  Gateway  
  72  6:37  Adept x2  
  76  6:46  Pylon  
  76  6:47  Pylon  
  76  6:51  Pylon  
  76  6:52  Probe  
  76  6:53  Probe  
  78  6:55  Adept x3  
  78  7:00  Adept  
  86  7:07  Pylon  
  86  7:09  Pylon  
  86  7:10  Pylon  
  86  7:12  Pylon  
  86  7:13  Pylon  
  86  7:14  Pylon  
  86  7:19  Pylon  
  86  7:20  Probe  
  86  7:21  Probe, Pylon  
  86  7:22  Pylon  
  88  7:30  Adept  
  88  7:31  Adept x6  
  88  7:33  Adept  
  104  7:37  Observer  
  105  7:55  Adept x6  
  105  8:20  Adept  
  105  8:21  Adept x6  
  105  8:22  Adept  
Show
View Real Time Build Order
Export as new Build Order

HellYeah Zerg 

Build Orders: Pool First 

Get SALT Encoding   

  12  0:01  Drone  
  13  0:13  Overlord  
  13  0:19  Drone  
  14  0:32  Drone x2  
  16  0:37  Drone  
  17  0:46  Spawning Pool  
  16  0:55  Drone  
  17  0:58  Drone  
  18  1:16  Hatchery  
  17  1:28  Extractor  
  16  1:33  Queen  
  16  1:37  Drone  
  19  1:55  Overlord  
  19  2:08  Extractor  
  18  2:14  Queen  
  20  2:17  Drone  
  20  2:18  Drone x2  
  23  2:28  Extractor  
  23  2:29  Queen  
  25  2:38  Drone x2  
  25  2:42  Drone  
  28  2:49  Extractor  
  28  2:58  Drone  
  28  3:02  Hatchery  
  29  3:06  Extractor  
  28  3:14  Drone x3  
  28  3:15  Overlord, Drone  
  28  3:16  Drone  
  33  3:23  Overlord  
  33  3:26  Extractor  
  33  3:34  Drone  
  33  3:35  Drone x4  
  33  3:41  Extractor  
  38  3:46  Drone x2  
  40  3:52  Extractor  
  40  4:02  Drone  
  41  4:04  Extractor  
  41  4:05  Extractor, Metabolic Boost  
  41  4:08  Extractor, Lair  
  39  4:10  Drone  
  39  4:14  Zergling x4  
  39  4:16  Queen  
  39  4:17  Drone x4  
  47  4:24  Queen  
  49  4:37  Drone x3  
  52  4:45  Drone x2  
  54  4:46  Evolution Chamber  
  54  4:48  Evolution Chamber  
  54  4:51  Drone x4  
  56  5:09  Drone x2  
  56  5:10  Overlord x4  
  58  5:15  Zerg Missile Weapons Level 1, Zerg Ground Armor Level 1  
  58  5:20  Hydralisk Den  
  57  5:26  Baneling Nest, Drone  
  57  5:39  Zergling x8  
  55  5:54  Drone x4  
  55  5:56  Grooved Spines  
  59  6:07  Drone x3  
  62  6:22  Drone x5  
  62  6:23  Drone  
  62  6:25  Hydralisk x4  
  72  6:26  Extractor  
  72  6:27  Extractor  
  72  6:32  Overseer x2  
  74  6:40  Drone x2  
  74  6:41  Drone x2  
  78  6:49  Drone x3  
  81  7:01  Overlord x3, Drone x4  
  84  7:05  Extractor  
  84  7:06  Hatchery  
  83  7:12  Lurker Den  
  83  7:15  Muscular Augments  
  82  7:20  Drone x3  
  85  7:38  Hydralisk x2  
  85  7:39  Hydralisk x7  
  103  7:50  Zergling x8  
  103  7:51  Zergling x6  
  107  7:58  Zergling x2  
  99  8:08  Zergling x6  
  99  8:09  Baneling x2  
  75  8:23  Zergling x12  
Tags
 
Matchup
PvZ
Opening
Pool First
Spawn Locations
Cross Positions
Add a new tag
Caveats
  • Supply blocks, unpowered buildings, or Contaminate may cause inaccurate times.
  • Supply counts are checked every 10 seconds.